[Event "Early-Titled-Tuesday-Blitz-April-23-2024"]
[Site "Chess.com"]
[Date "2024.04.23"]
[Round "4"]
[White "esrosenberg"]
[Black "Ramu_K_FM_FT"]
[Result "1-0"]
[WhiteElo "2327"]
[BlackElo "2114"]
[TimeControl "180+1"]
[EndTime "8:36:50 PDT"]
[Termination "esrosenberg won by checkmate"]

1. e4 c5 2. Nc3 d6 3. f4 g6 4. Nf3 Bg7 5. Bb5+ Nd7 6. a4 a6 7. Bxd7+ Bxd7 8. d3 Rb8 9. O-O b5 10. axb5 axb5 11. Qe1 b4 12. Ne2 Nf6 13. Qh4 Qb6 14. f5 h6 15. fxg6 fxg6 16. Kh1 g5 17. Nxg5 hxg5 18. Qxg5 Kf7 19. Nf4 Rbg8 20. Qg6+ Kf8 21. Ra8+ Be8 22. Ne6# 1-0

[Event "Early-Titled-Tuesday-Blitz-April-23-2024"]
[Site "Chess.com"]
[Date "2024.04.23"]
[Round "4"]
[White "balack95"]
[Black "Lily_Schirmbeck"]
[Result "1-0"]
[WhiteElo "2452"]
[BlackElo "1560"]
[TimeControl "180+1"]
[EndTime "8:36:51 PDT"]
[Termination "balack95 won by resignation"]

1. Nf3 d5 2. e3 Nf6 3. b3 Bf5 4.
Bb2 e6 5. Be2 Nbd7 6. O-O Be7 7.
d3 O-O 8. Nbd2 c5 9. Nh4 Bg6 10.
Nxg6 hxg6 11. e4 dxe4 12. dxe4 e5 13. a4 Bd6 14. c3 Qc7 15. Qc2 Rad8 16. Rad1 Nb8 17.
Nc4 Nc6 18. Rd2 a6 19. Ne3 Ne7 20. Rfd1 Qc6 21. f3 Bc7 22. Nd5 Nexd5 23. exd5 Rxd5 24.
Rxd5 Nxd5 25. Qe4 Rd8 26. c4 Nb4 27. Rxd8+ Bxd8 28. Qxe5 Bf6 29. Qb8+ Kh7 30. Bxf6 gxf6 31. Qf8 Qc7 32. h4 Nc2 33. h5 gxh5 34. Bd3+ 1-0

[Event "Early-Titled-Tuesday-Blitz-April-23-2024"]
[Site "Chess.com"]
[Date "2024.04.23"]
[Round "4"]
[White "rasmussvane"]
[Black "Stanbad1"]
[Result "1-0"]
[WhiteElo "2963"]
[BlackElo "2638"]
[TimeControl "180+1"]
[EndTime "8:36:57 PDT"]
[Termination "rasmussvane won by resignation"]

1. Nf3 Nf6 2. g3 g6 3. Bg2 Bg7 4. O-O O-O 5. d4 d6 6. Re1 d5 7. c4 dxc4 8. Na3 Nbd7 9. Nxc4 Rb8 10. e4 b6 11. Bf4 Bb7 12. Qc2 Rc8 13. Rad1 Qe8 14. d5 c6 15. d6 Nh5 16. Bg5 f6 17.
dxe7 Qxe7 18. Be3 Ne5 19. Nfxe5 fxe5 20. Nd6 Rcd8 21. Qb3+ Kh8 22. Nf7+ Rxf7 23. Rxd8+ Qxd8 24. Qxf7 Ba6 25. Qxa7 Bc4 26. b3 Bg8 27. Qxb6 Qa8 28. a4 Nf6 29. a5 Nd7 30. Qc7 Nb8 31. Rd1 Na6 32. Qb6 Bf8 33. Rd8 1-0

[Event "Early-Titled-Tuesday-Blitz-April-23-2024"]
[Site "Chess.com"]
[Date "2024.04.23"]
[Round "4"]
[White "Mihaiionescu1"]
[Black "Ariadna_Atreides"]
[Result "1-0"]
[WhiteElo "2452"]
[BlackElo "2231"]
[TimeControl "180+1"]
[EndTime "8:36:58 PDT"]
[Termination "Mihaiionescu1 won by resignation"]

1. Nf3 Nf6 2. g3 d5 3. Bg2 c6 4. O-O Bg4 5. d3 Nbd7 6. Nfd2 e5 7. Qe1 Bd6 8. e4 dxe4 9. dxe4 Qc7 10. Nc3 O-O-O 11. a3 h5 12. h4 Be7 13. b4 Rdg8 14. Nc4 Ne8 15. b5 g5 16. bxc6 Qxc6 17. Nd5 Bd8 18.
Na5 Bxa5 19. Qxa5 gxh4 20. Ne7+ 1-0

[Event "Early-Titled-Tuesday-Blitz-April-23-2024"]
[Site "Chess.com"]
[Date "2024.04.23"]
[Round "4"]
[White "ozates"]
[Black "Chesstiger64"]
[Result "1-0"]
[WhiteElo "2547"]
[BlackElo "2342"]
[TimeControl "180+1"]
[EndTime "8:36:59 PDT"]
[Termination "ozates won by resignation"]

1. e4 c5 2. Nf3 e6 3. b3 d5 4. d3 dxe4 5. dxe4 Qxd1+ 6. Kxd1 Nf6 7. Bd3 Nc6 8. Bb2 Bd6 9. e5 Ke7 10. exd6+ Kxd6 11. Nc3 e5 12. Ne4+ Nxe4 13. Bxe4 Bg4 14.
h3 Bxf3+ 15. Bxf3 f6 16. Bxc6 Kxc6 17. Ke2 a5 18. Rhd1 a4 19. a3 axb3 20. cxb3 b5 21. Rdc1 Kb6 22. a4 bxa4 23. Rxa4 Rxa4 24. bxa4 Ra8 25.
Rc4 Kc6 26. Kd3 Kd5 27. f3 Rb8 28. Bc3 Rb3 29. a5 Ra3 30. Re4 g6 31. Re1 c4+ 32.
Kd2 Ra2+ 33. Ke3 f5 34. Rd1+ Ke6 35. f4 exf4+ 36. Kxf4 Rxg2 37. Ra1 Rf2+ 38. Ke3 Rc2 39. Kd4 Kd7 40. a6 Kc6 41. a7 Kb7 42. a8=Q+ 1-0

[Event "Early-Titled-Tuesday-Blitz-April-23-2024"]
[Site "Chess.com"]
[Date "2024.04.23"]
[Round "4"]
[White "osielchesslover2011"]
[Black "mortngabriel"]
[Result "1-0"]
[WhiteElo "2209"]
[BlackElo "2464"]
[TimeControl "180+1"]
[EndTime "8:37:03 PDT"]
[Termination "osielchesslover2011 won by checkmate"]

1. e4 e5 2. Nf3 Nc6 3. Bb5 a6 4. Ba4 Nf6 5. O-O Be7 6. Re1 b5 7. Bb3 d6 8. c3 O-O 9. h3 Nb8 10. d4 Nbd7 11. Nbd2 Bb7 12. Bc2 Re8 13. Nf1 Bf8 14. Ng3 g6 15. Bg5 h6 16. Be3 Bg7 17.
Qd2 Kh7 18. Rad1 c6 19. dxe5 dxe5 20. Nh4 Qc7 21. Nhf5 gxf5 22. Nxf5 Nf8 23. Bxh6 Ne6 24. Bxg7 Nxg7 25. Qh6+ Kg8 26. Qxg7# 1-0

[Event "Early-Titled-Tuesday-Blitz-April-23-2024"]
[Site "Chess.com"]
[Date "2024.04.23"]
[Round "4"]
[White "Lady_Nika"]
[Black "x-7171385435"]
[Result "0-1"]
[WhiteElo "2455"]
[BlackElo "2152"]
[TimeControl "180+1"]
[EndTime "8:37:04 PDT"]
[Termination "x-7171385435 won by checkmate"]

1. g4 d5 2. h3 e5 3. d3 Nc6 4.
Bg2 Be6 5. e4 d4 6. Ne2 Qd7 7. c3 O-O-O 8. c4 h5 9. g5 h4 10. a3 f6 11. f4 exf4 12. Bxf4 fxg5 13. Bxg5 Be7 14. Bxe7 Ngxe7 15. Nd2 Rdf8 16. Nf3 Ng6 17. Qd2 Nge5 18. Ng5 Bxc4 19. dxc4 Nxc4 20. Qd3 Ne3 21. Rg1 Ne5 22. Qb3 d3 23. Ne6 d2# 0-1

[Event "Early-Titled-Tuesday-Blitz-April-23-2024"]
[Site "Chess.com"]
[Date "2024.04.23"]
[Round "4"]
[White "KetiTsatsalashvili"]
[Black "Alexei_Gubajdullin"]
[Result "0-1"]
[WhiteElo "2417"]
[BlackElo "2624"]
[TimeControl "180+1"]
[EndTime "8:37:05 PDT"]
[Termination "Alexei_Gubajdullin won by resignation"]

1. d4 Nf6 2. Bf4 g6 3. e3 Bg7 4.
Nf3 O-O 5. h3 d6 6. Be2 Nc6 7.
g4 e5 8. Bg3 Ne4 9. Bh4 g5 10.
Bg3 Nxg3 11. fxg3 exd4 12. exd4 f5 13. Nc3 fxg4 14. Bc4+ Kh8 15. hxg4 Bxg4 16. Qd3 Bf5 17. Qd2 Qe7+ 18. Ne2 Be4 19. Bd3 Rxf3 20. O-O-O Bxd3 21. cxd3 Rf2 22. Rde1 Qf7 23. Qxg5 Qxa2 24. Qg6 Qa1+ 25.
Kc2 Rxe2+ 26. Rxe2 Nxd4+ 27. Kc3 Nxe2+ 28. Kb3 Qxh1 0-1

[Event "Early-Titled-Tuesday-Blitz-April-23-2024"]
[Site "Chess.com"]
[Date "2024.04.23"]
[Round "4"]
[White "GelmanAlexander"]
[Black "NajdorfPlayerc5"]
[Result "0-1"]
[WhiteElo "2632"]
[BlackElo "2448"]
[TimeControl "180+1"]
[EndTime "8:37:11 PDT"]
[Termination "NajdorfPlayerc5 won by resignation"]

1. d4 Nf6 2. Nc3 d5 3. Bf4 a6 4.
e3 c5 5. Nf3 e6 6. Ne5 Nc6 7.
Nxc6 bxc6 8. Qf3 cxd4 9. exd4 c5 10. dxc5 Bxc5 11. O-O-O Bd7 12. g4 Qb6 13. g5 Ne4 14. Nxe4 dxe4 15. Qxe4 Bc6 16. Qe5 Bxh1 17. Qxg7 Rf8 18.
Bc4 Bf3 19. Rd3 Be4 20. Rb3 Qc6 21. Qe5 Rd8 22. Rc3 Bd6 23. Qf6 Bxf4+ 24. Qxf4 Qd6 0-1

[Event "Early-Titled-Tuesday-Blitz-April-23-2024"]
[Site "Chess.com"]
[Date "2024.04.23"]
[Round "4"]
[White "Anu-triz"]
[Black "Barmen_EV"]
[Result "0-1"]
[WhiteElo "2059"]
[BlackElo "2554"]
[TimeControl "180+1"]
[EndTime "8:37:11 PDT"]
[Termination "Barmen_EV won by resignation"]

1. e4 e6 2. d4 d5 3. Nd2 a6 4. c3 c5 5. e5 Nc6 6. Ngf3 Bd7 7. Bd3 cxd4 8. cxd4 Qb6 9. Nb3 Bb4+ 10. Bd2 Nge7 11.
O-O Rc8 12. Bxb4 Nxb4 13. Nc5 Bb5 14. Bxb5+ Qxb5 15. a3 Nbc6 16. Rc1 O-O 17. Qb3 b6 18. Qxb5 axb5 19. Nd7 Rfd8 20. Nxb6 Rb8 21. Nxd5 exd5 22. Rc5 Na5 23. b4 Nc4 24. Rc1 Rbc8 25. Rxb5 Nxa3 26.
Rxc8 Rxc8 27. Rc5 Rxc5 28. dxc5 Nc6 29. b5 Nxb5 30. Kf1 Nbd4 31. Nxd4 Nxd4 32. Ke1 Kf8 33. Kd1 Ke7 34. Kc1 Nb3+ 35. Kc2 Nxc5 36. Kc3 Ke6 37. Kd4 Nd7 38. f4 f6 39. exf6 Nxf6 40.
g3 h5 41. h3 g6 42. Kc5 Ne4+ 43. Kd4 Nxg3 0-1

[Event "Early-Titled-Tuesday-Blitz-April-23-2024"]
[Site "Chess.com"]
[Date "2024.04.23"]
[Round "4"]
[White "crescentmoon2411"]
[Black "Iskusnyh"]
[Result "0-1"]
[WhiteElo "2884"]
[BlackElo "2637"]
[TimeControl "180+1"]
[EndTime "8:37:12 PDT"]
[Termination "Iskusnyh won by resignation"]

1. d4 d5 2. c4 c6 3. Nc3 Nf6 4. Nf3 e6 5. Qc2 c5 6. g4 cxd4 7. Nxd4 Nc6 8. Nxc6 bxc6 9. g5 Nd7 10. h4 Ne5 11. cxd5 cxd5 12. Bg2 Bd7 13. Bf4 Bd6 14.
e3 Qb6 15. O-O Rc8 16. Qb3 Nc4 17. Qxb6 axb6 18. Bxd6 Nxd6 19. Rfc1 Ke7 20. f4 Nc4 21. e4 d4 22. Nd1 e5 23. f5 f6 24. Kf2 Rc5 25.
b3 Na3 26. Nb2 Rhc8 27. Nd3 Rc2+ 28. Kf3 R8c3 29. Bf1 Bb5 30. Rxc2 Nxc2 0-1

[Event "Early-Titled-Tuesday-Blitz-April-23-2024"]
[Site "Chess.com"]
[Date "2024.04.23"]
[Round "4"]
[White "aa175"]
[Black "Ural_bogatyr"]
[Result "0-1"]
[WhiteElo "2746"]
[BlackElo "2574"]
[TimeControl "180+1"]
[EndTime "8:37:12 PDT"]
[Termination "Ural_bogatyr won by resignation"]

1. d4 Nf6 2. Bf4 d5 3. e3 c5 4. Nf3 Nc6 5. c3 Nh5 6. Be5 e6 7. dxc5 Bxc5 8. Bd4 Bd6 9. c4 Nf6 10. cxd5 Nxd5 11. Bxg7 Rg8 12. Bc3 Qb6 13. Nbd2 Nxc3 14.
bxc3 Qa5 15. Ne4 Be7 16. Rc1 e5 17. Nd6+ Bxd6 18. Qxd6 Be6 19. Be2 Rd8 20. Qxd8+ 0-1

[Event "Early-Titled-Tuesday-Blitz-April-23-2024"]
[Site "Chess.com"]
[Date "2024.04.23"]
[Round "4"]
[White "sofaceindisguise"]
[Black "jbking07"]
[Result "0-1"]
[WhiteElo "2673"]
[BlackElo "2483"]
[TimeControl "180+1"]
[EndTime "8:37:12 PDT"]
[Termination "jbking07 won by resignation"]

1. Nf3 d5 2. g3 g6 3. Bg2 Bg7 4. O-O e5 5. d3 Ne7 6. e4 O-O 7. exd5 Nxd5 8. Re1 Re8 9. Nbd2 h6 10. Nc4 Nc6 11.
a4 a5 12. c3 Bf5 13. Nh4 Be6 14. Qb3 Nb6 15. Qb5 Na7 16. Qxa5 Nc6 17. Qb5 Na7 18. Qb3 Qxd3 19. Bf1 Bxc4 20. Bxd3 Bxb3 21. a5 Nc6 22. Bxh6 Rxa5 23. Bxg7 Kxg7 24. Be4 Rxa1 25. Rxa1 Bd5 26. Bxd5 Nxd5 0-1

[Event "Early-Titled-Tuesday-Blitz-April-23-2024"]
[Site "Chess.com"]
[Date "2024.04.23"]
[Round "4"]
[White "ChristianArca"]
[Black "pasteta13"]
[Result "1-0"]
[WhiteElo "2633"]
[BlackElo "2416"]
[TimeControl "180+1"]
[EndTime "8:37:14 PDT"]
[Termination "ChristianArca won by resignation"]

1. d4 Nf6 2. c4 e6 3. Nc3 Bb4 4. Bg5 d5 5. cxd5 exd5 6. e3 h6 7. Bh4 O-O 8. Bd3 c5 9. dxc5 Nbd7 10. Ne2 Nxc5 11. Bc2 Bg4 12. O-O Bxc3 13. bxc3 Bxe2 14. Qxe2 Nce4 15. c4 g5 16. Bg3 Nxg3 17. hxg3 dxc4 18. Qxc4 Rc8 19. Qe2 Qa5 20. Bb3 Kg7 21. Qf3 b6 22. Rfd1 Rfd8 23. Qb7 Qf5 24. Qxf7+ Kh8 25. Be6 1-0

[Event "Early-Titled-Tuesday-Blitz-April-23-2024"]
[Site "Chess.com"]
[Date "2024.04.23"]
[Round "4"]
[White "adotand"]
[Black "NovozhilovSemen"]
[Result "1-0"]
[WhiteElo "2954"]
[BlackElo "2640"]
[TimeControl "180+1"]
[EndTime "8:37:15 PDT"]
[Termination "adotand won by resignation"]

1. e4 c5 2. Nf3 Nc6 3. Bc4 d6 4. O-O g6 5. c3 Bg7 6. h3 e6 7. d4 cxd4 8. cxd4 d5 9. Bd3 Nf6 10. e5 Nd7 11. Nc3 O-O 12. Re1 a6 13. h4 h6 14. h5 g5 15. Bc2 f5 16. exf6 Nxf6 17. Ne5 Nxe5 18. dxe5 Nd7 19. Qd3 Rf5 20. Be3 Nxe5 21.
Qe2 Rf8 22. Bd4 Nc6 23. Bxg7 Kxg7 24. Qd3 Rf5 25. g4 Rf6 26. Qh7+ Kf8 27. Rad1 Qb6 28. Qh8+ Kf7 29. Bg6+ Rxg6 30. hxg6+ Kxg6 31. Qg8+ Kf6 32. Qf8+ Kg6 33. Rd3 Qb4 34. Qg8+ Kf6 35. Rf3+ 1-0

[Event "Early-Titled-Tuesday-Blitz-April-23-2024"]
[Site "Chess.com"]
[Date "2024.04.23"]
[Round "4"]
[White "SharapovEvgeny"]
[Black "Zampronha1971"]
[Result "0-1"]
[WhiteElo "2628"]
[BlackElo "2445"]
[TimeControl "180+1"]
[EndTime "8:37:15 PDT"]
[Termination "Zampronha1971 won on time"]

1. b3 e5 2. Bb2 Nc6 3. e3 d5 4.
Bb5 Bd6 5. Nf3 f6 6. d4 e4 7.
Nfd2 a6 8. Bxc6+ bxc6 9. c4 f5 10. Nc3 Nf6 11. c5 Be7 12. Qe2 O-O 13. O-O-O a5 14.
f3 Ba6 15. Qf2 Bd3 16. h3 a4 17. Nxa4 Rxa4 18. bxa4 Qa8 19. Nb3 Qxa4 20. Bc3 Ra8 21. Qb2 Qxa2 0-1

[Event "Early-Titled-Tuesday-Blitz-April-23-2024"]
[Site "Chess.com"]
[Date "2024.04.23"]
[Round "4"]
[White "Rdeux42"]
[Black "SahibSinghKnight"]
[Result "0-1"]
[WhiteElo "2412"]
[BlackElo "2634"]
[TimeControl "180+1"]
[EndTime "8:37:18 PDT"]
[Termination "SahibSinghKnight won by resignation"]

1. e4 e6 2. d4 d5 3. Nc3 Nf6 4.
e5 Nfd7 5. f4 c5 6. Nf3 Nc6 7. Be3 Be7 8. a3 O-O 9. dxc5 f6 10.
exf6 Nxf6 11. Qd2 Qa5 12. Rd1 Bxc5 13. Bxc5 Qxc5 14. Nd4 e5 15. Nb3 Qe7 16. fxe5 Nxe5 17. Be2 Nc4 18. Nxd5 Nxd5 19. Qxd5+ Be6 20. Qe4 Rae8 21.
Bxc4 Qf7 22. Rf1 Bxc4 23. Rxf7 Rxe4+ 0-1

[Event "Early-Titled-Tuesday-Blitz-April-23-2024"]
[Site "Chess.com"]
[Date "2024.04.23"]
[Round "4"]
[White "Likvidator228"]
[Black "NM_Antelacus"]
[Result "1-0"]
[WhiteElo "2509"]
[BlackElo "2262"]
[TimeControl "180+1"]
[EndTime "8:37:22 PDT"]
[Termination "Likvidator228 won by resignation"]

1. g4 e5 2. Bg2 Nc6 3. c4 Bc5 4.
Nc3 d6 5. h3 h6 6. a3 a5 7. e3 Nf6 8. Nge2 O-O 9. d4 exd4 10.
exd4 Ba7 11. Be3 Re8 12. O-O Ne7 13. Qd2 Ng6 14. Ng3 c6 15. Rae1 d5 16. cxd5 cxd5 17.
f4 Qd6 18. Nb5 Qb6 19. Nxa7 Qxa7 20. f5 Nh4 21. Bf4 Bd7 22. Bxh6 gxh6 23. Qxh6 Qxd4+ 24. Kh1 Nxg2 25. g5 Nh7 26. f6 Nxf6 27. gxf6 Qxf6 28. Rxe8+ Rxe8 29. Qxf6 1-0

[Event "Early-Titled-Tuesday-Blitz-April-23-2024"]
[Site "Chess.com"]
[Date "2024.04.23"]
[Round "4"]
[White "koncheto"]
[Black "sokidze"]
[Result "0-1"]
[WhiteElo "2603"]
[BlackElo "2819"]
[TimeControl "180+1"]
[EndTime "8:37:25 PDT"]
[Termination "sokidze won by resignation"]

1. e4 c6 2. d4 d5 3. Nc3 dxe4 4. Nxe4 Bf5 5. Ng3 Bg6 6. Nf3 e6 7. h4 h6 8. Ne5 Bh7 9. Bc4 Nd7 10. f4 Be7 11.
Qg4 Nxe5 12. fxe5 Bxc2 13. Qxg7 Qxd4 14. Be2 O-O-O 15. Qxh8 Bb4+ 16. Kf1 Bc5 0-1

[Event "Early-Titled-Tuesday-Blitz-April-23-2024"]
[Site "Chess.com"]
[Date "2024.04.23"]
[Round "4"]
[White "isaks"]
[Black "Naruto75_3"]
[Result "0-1"]
[WhiteElo "2542"]
[BlackElo "2382"]
[TimeControl "180+1"]
[EndTime "8:37:30 PDT"]
[Termination "Naruto75_3 won by resignation"]

1. e4 c5 2. Nf3 d6 3. d4 cxd4 4. Nxd4 Nf6 5. Nc3 a6 6. Bc4 e6 7. Bb3 Be7 8. O-O O-O 9. f4 Qc7 10. Kh1 Rd8 11. Qf3 Nc6 12. Be3 e5 13. Nxc6 bxc6 14.
Rad1 Bg4 15. Qg3 Bxd1 16. Rxd1 exf4 17. Bxf4 Nh5 18. Qf3 Nxf4 19. Qxf4 Bf6 20. h3 Qe7 21. Na4 Rab8 22. c4 Rb4 23. Qf3 h6 24. a3 Rbb8 25.
Rf1 c5 26. Bc2 Bxb2 27. Qf5 Be5 28. Rf3 Rb7 29. Nc3 Rdb8 30. Nd5 Qh4 31. g3 Bxg3 32. e5 g6 33. Nf6+ Kh8 0-1

[Event "Early-Titled-Tuesday-Blitz-April-23-2024"]
[Site "Chess.com"]
[Date "2024.04.23"]
[Round "4"]
[White "King_Deded4d5"]
[Black "Sasha_Solovev_777"]
[Result "0-1"]
[WhiteElo "2467"]
[BlackElo "2230"]
[TimeControl "180+1"]
[EndTime "8:37:36 PDT"]
[Termination "Sasha_Solovev_777 won by resignation"]

1. d4 Nf6 2. Nf3 g6 3. Nc3 d5 4. Bf4 c6 5. e3 Bg7 6. h4 Bg4 7.
Be2 Nbd7 8. Ne5 Bxe2 9. Qxe2 h6 10. O-O-O e6 11. g4 Ne4 12. Nxe4 dxe4 13. Nc4 O-O 14. Nd6 Qa5 15. Kb1 e5 16. dxe5 Nxe5 17. Nxe4 Qb4 18. a3 Qxe4 0-1

[Event "Early-Titled-Tuesday-Blitz-April-23-2024"]
[Site "Chess.com"]
[Date "2024.04.23"]
[Round "4"]
[White "stratacticos"]
[Black "icy"]
[Result "0-1"]
[WhiteElo "1852"]
[BlackElo "2453"]
[TimeControl "180+1"]
[EndTime "8:37:37 PDT"]
[Termination "icy won by resignation"]

1. b4 e5 2. Bb2 Bxb4 3. Bxe5 Nf6 4. a3 Nc6 5. Bb2 Be7 6. g3 O-O 7. Bg2 d5 8. Nf3 Re8 9. O-O h6 10. d3 Bg4 11. Nbd2 Qd7 12. c4 Bh3 13. cxd5 Nxd5 14. Qa4 Nb6 15. Qf4 Bd6 16. Qh4 Bxg2 17. Kxg2 Rxe2 18. Ne4 Rxb2 19. Nxd6 Qxd6 0-1

[Event "Early-Titled-Tuesday-Blitz-April-23-2024"]
[Site "Chess.com"]
[Date "2024.04.23"]
[Round "4"]
[White "Grossboss19"]
[Black "FGHSMN"]
[Result "0-1"]
[WhiteElo "2626"]
[BlackElo "2919"]
[TimeControl "180+1"]
[EndTime "8:37:38 PDT"]
[Termination "FGHSMN won by checkmate"]

1. d4 Nf6 2. c4 e6 3. Nc3 Bb4 4.
Qc2 O-O 5. a3 Bxc3+ 6. Qxc3 b6 7. Nf3 Bb7 8. e3 d6 9. b4 Nbd7 10. Be2 Ne4 11. Qc2 f5 12. O-O Qe7 13. Nd2 Qg5 14. g3 Qh6 15. f4 Ndf6 16. Nxe4 Bxe4 17. Qd2 g5 18. Bb2 gxf4 19. exf4 Kf7 20. d5 e5 21. Rad1 Qh3 22. Rf2 Rg8 23. fxe5 Rxg3+ 24. hxg3 Qh1# 0-1

[Event "Early-Titled-Tuesday-Blitz-April-23-2024"]
[Site "Chess.com"]
[Date "2024.04.23"]
[Round "4"]
[White "rionelG"]
[Black "Masterbeaterr"]
[Result "0-1"]
[WhiteElo "2219"]
[BlackElo "2484"]
[TimeControl "180+1"]
[EndTime "8:37:39 PDT"]
[Termination "Masterbeaterr won by resignation"]

1. e4 e5 2. Nf3 Nc6 3. d4 exd4 4. Nxd4 Nf6 5. Nxc6 bxc6 6. e5 Qe7 7. Qe2 Nd5 8. c4 Ba6 9. Nd2 Nf4 10. Qe4 Ng6 11. Nf3 Qb4+ 12. Kd1 O-O-O 13. a3 Qb3+ 14. Qc2 Qxc2+ 15.
Kxc2 Re8 16. Ng5 Nxe5 17. f4 h6 18. fxe5 hxg5 19. Bxg5 Rxe5 20. Bf4 Re4 21. g3 Bxc4 22. Bxc4 Rxc4+ 23. Kd3 d5 24. b3 Re4 25. h4 Kd7 26.
Rhe1 Rxe1 27. Rxe1 Bxa3 28. Be3 Re8 29. Ra1 Bb4 30.
Rxa7 Rxe3+ 0-1

[Event "Early-Titled-Tuesday-Blitz-April-23-2024"]
[Site "Chess.com"]
[Date "2024.04.23"]
[Round "4"]
[White "sterpfi"]
[Black "ferdipy"]
[Result "1-0"]
[WhiteElo "2223"]
[BlackElo "2367"]
[TimeControl "180+1"]
[EndTime "8:37:40 PDT"]
[Termination "sterpfi won by checkmate"]

1. e4 e6 2. d4 d5 3. exd5 exd5 4. Nf3 c6 5. c4 dxc4 6. Bxc4 Bd6 7. Nc3 Ne7 8. O-O O-O 9. Re1 Bg4 10. h3 Bh5 11. g4 Bg6 12. Ne5 Nd7 13. h4 Bxe5 14.
dxe5 h6 15. h5 Bh7 16. e6 Nf6 17. exf7+ Kh8 18. Qxd8 Raxd8 19. Rxe7 Nxg4 20. Be3 b5 21. Bb3 a5 22. Rd1 Rxd1+ 23. Bxd1 Nf6 24. Bf3 a4 25. Bxc6 b4 26. Nd5 a3 27. bxa3 bxa3 28. Nxf6 gxf6 29. Bxh6 Rc8 30. f8=Q+ Rxf8 31. Bxf8 Bg8 32. Bg7+ Kh7 33. Be4+ f5 34. Bxf5# 1-0

[Event "Early-Titled-Tuesday-Blitz-April-23-2024"]
[Site "Chess.com"]
[Date "2024.04.23"]
[Round "4"]
[White "biveklama"]
[Black "Aleksandar-Topalov"]
[Result "1-0"]
[WhiteElo "2610"]
[BlackElo "2378"]
[TimeControl "180+1"]
[EndTime "8:37:43 PDT"]
[Termination "biveklama won by resignation"]

1. e4 e6 2. d4 d5 3. Nc3 Bb4 4. e5 Qd7 5. a3 Bxc3+ 6. bxc3 b6 7. Qg4 f5 8. Qg3 Qf7 9. h4 Ba6 10. Ne2 Ne7 11. h5 h6 12. Nf4 Bxf1 13. Kxf1 Nbc6 14.
a4 Rg8 15. Ba3 g5 16. hxg6 Nxg6 17. Rxh6 Nxf4 18. Qxf4 O-O-O 19. Rf6 Qd7 20. g3 Rde8 21. Kg2 Rg4 22. Qh6 f4 23. Kf3 Reg8 24. gxf4 Nd8 25.
Bc1 Rg1 26. f5 exf5 27. Qf4 Qc6 28. Rxc6 1-0

[Event "Early-Titled-Tuesday-Blitz-April-23-2024"]
[Site "Chess.com"]
[Date "2024.04.23"]
[Round "4"]
[White "Maluco_do_Natal_00"]
[Black "MikhailBLR"]
[Result "0-1"]
[WhiteElo "2026"]
[BlackElo "2317"]
[TimeControl "180+1"]
[EndTime "8:37:44 PDT"]
[Termination "MikhailBLR won on time"]

1. e4 e5 2. Nf3 Nc6 3. Bb5 a6 4. Ba4 d6 5. c3 Bd7 6. d4 g6 7. dxe5 dxe5 8. O-O Bg7 9. Bg5 Nge7 10. Nbd2 h6 11.
Be3 O-O 12. Qe2 g5 13. Rfd1 Ng6 14. Nf1 Qe7 15. Ng3 Nf4 16. Qc2 Rad8 17. b4 Qf6 18. a3 Bg4 19. Rd2 Nxg2 20. Kxg2 Qxf3+ 21. Kg1 Bh3 0-1

[Event "Early-Titled-Tuesday-Blitz-April-23-2024"]
[Site "Chess.com"]
[Date "2024.04.23"]
[Round "4"]
[White "Dewarfd"]
[Black "bintang_top"]
[Result "0-1"]
[WhiteElo "2095"]
[BlackElo "2331"]
[TimeControl "180+1"]
[EndTime "8:37:45 PDT"]
[Termination "bintang_top won by checkmate"]

1. c4 Nf6 2. Nc3 g6 3. e4 d6 4. g3 Bg7 5. Bg2 O-O 6. Nge2 c5 7. O-O Nc6 8. d3 e5 9. Be3 Ne8 10. Nd5 Nc7 11. Rb1 Ne6 12. b4 b6 13. bxc5 bxc5 14.
Qd2 Ned4 15. Nxd4 Nxd4 16. Bg5 f6 17. Be3 Be6 18. Bxd4 exd4 19. Nf4 Bf7 20. e5 fxe5 21. Bxa8 Qxa8 22. Ng2 Be6 23. Qa5 Bh3 24. Nh4 Bf6 25.
Qc7 Bxh4 26. gxh4 Qg2# 0-1

[Event "Early-Titled-Tuesday-Blitz-April-23-2024"]
[Site "Chess.com"]
[Date "2024.04.23"]
[Round "4"]
[White "ChinguunSu"]
[Black "snowlord"]
[Result "0-1"]
[WhiteElo "2624"]
[BlackElo "2910"]
[TimeControl "180+1"]
[EndTime "8:37:50 PDT"]
[Termination "snowlord won by resignation"]

1. e4 c6 2. d4 d5 3. exd5 cxd5 4. Bd3 Nf6 5. c3 Bg4 6. Ne2 Nc6 7. Bf4 e6 8. h3 Bh5 9. Nd2 Bd6 10. Bg5 h6 11.
Bh4 Ne7 12. Bxf6 gxf6 13. g4 Bg6 14. Qc2 Qa5 15. f4 Bxd3 16. Qxd3 h5 17. gxh5 Rxh5 18. O-O-O Qxa2 19. Qb5+ Kd8 20. Rdg1 Kc7 21. Rg7 a6 22. Qd3 Rf8 23. Rhg1 Nf5 24. Rg8 Rh8 25. Rxf8 Rxf8 26.
Ng3 Qa1+ 27. Nb1 Bxf4+ 28. Kc2 Qa4+ 29. b3 Qa2+ 30. Kd1 Nxg3 31. Rxg3 Qxb3+ 32. Ke2 Bxg3 33. Qxg3+ Kd7 34. Nd2 Qc2 35. Qg7 Ke7 36. Qg3 Rc8 37. c4 dxc4 38. Qa3+ Ke8 39. Qd6 c3 40. Kf3 cxd2 0-1

[Event "Early-Titled-Tuesday-Blitz-April-23-2024"]
[Site "Chess.com"]
[Date "2024.04.23"]
[Round "4"]
[White "GM4life"]
[Black "kai_nov"]
[Result "1-0"]
[WhiteElo "2509"]
[BlackElo "2287"]
[TimeControl "180+1"]
[EndTime "8:37:50 PDT"]
[Termination "GM4life won by resignation"]

1. Nf3 d5 2. g3 Nf6 3. Bg2 c5 4. O-O Nc6 5. c4 d4 6. e3 e5 7.
exd4 cxd4 8. d3 Bg4 9. Nbd2 Bd6 10. h3 Be6 11. Ng5 Qd7 12. Nxe6 fxe6 13. Re1 O-O-O 14. a3 Rhf8 15. b4 Ne7 16. c5 Bc7 17. Nc4 Ned5 18. Bd2 Nc3 19. Qc2 e4 20. Bxc3 dxc3 21. Rxe4 Nxe4 22. Bxe4 Qd4 23. Kg2 Rf6 24. Rf1 Rdf8 25. f3 e5 26. Rc1 Qd7 27. Qxc3 Rxf3 28. Nd6+ Kb8 29. Bxf3 Rxf3 30. Kxf3 Qxh3 31. Qxe5 Qd7 32. Qe8+ 1-0

[Event "Early-Titled-Tuesday-Blitz-April-23-2024"]
[Site "Chess.com"]
[Date "2024.04.23"]
[Round "4"]
[White "GM_dmitrij"]
[Black "ELPRIMO0O0"]
[Result "1-0"]
[WhiteElo "3005"]
[BlackElo "2642"]
[TimeControl "180+1"]
[EndTime "8:37:56 PDT"]
[Termination "GM_dmitrij won by resignation"]

1. e4 c5 2. Nf3 Nc6 3. Bb5 g6 4.
O-O Bg7 5. c3 Kf8 6. d4 a6 7.
Bxc6 bxc6 8. dxc5 Nf6 9. e5 Nd5 10. c4 Nc7 11. Nc3 a5 12. Re1 Ba6 13. b3 Ne6 14. Ne4 h6 15. h4 Kg8 16. Be3 Kh7 17.
a4 Qc7 18. Qd2 Rab8 19. Qc3 Rb4 20. Red1 Rhb8 21. Ned2 Qa7 22. Qc2 Bc8 23. h5 Nxc5 24.
hxg6+ fxg6 25. Nh4 d6 26. Qxg6+ Kh8 27. Ne4 Qd7 28. Nxc5 Qg4 29. Qxg4 Bxg4 30. f3 dxc5 31. fxg4 Bxe5 32. Ng6+ 1-0

[Event "Early-Titled-Tuesday-Blitz-April-23-2024"]
[Site "Chess.com"]
[Date "2024.04.23"]
[Round "4"]
[White "szachuspl"]
[Black "rhwr"]
[Result "1-0"]
[WhiteElo "2529"]
[BlackElo "2314"]
[TimeControl "180+1"]
[EndTime "8:37:56 PDT"]
[Termination "szachuspl won by resignation"]

1. d4 c5 2. d5 Nf6 3. Nc3 e5 4. e4 d6 5. Nf3 Be7 6. Nd2 O-O 7.
a4 Ne8 8. Nc4 Nd7 9. Be2 Nb6 10.
Ne3 g6 11. a5 Nd7 12. O-O Ng7 13. Nc4 Rb8 14. Nb5 Nf6 15. Bf3 a6 16. Nc3 Nfh5 17. Ra3 Bd7 18. Rb3 Qe8 19. Rb6 Bb5 20. Nxb5 axb5 21. Nxd6 Bxd6 22. Rxd6 Ra8 23. Bd2 b4 24. c3 Rxa5 25. cxb4 cxb4 26. Bxb4 Rb5 27. Ba3 Qc8 28. Be2 Ra5 29. Rb6 Rd8 30. g3 Ra8 31. Bg4 Qc7 32. Qb3 Nf6 33. Rxb7 Qa5 34. Bf3 Qa4 35. Qxa4 Rxa4 36. Be7 1-0